 Dungeon Crawl Stone Soup version 0.16.0-12-g7215832 (webtiles) character file.

504 RobertPalmer the Sneak (level 7, -5/41 HPs)
             Began as an Octopode Enchanter on Mar 18, 2015.
             Was an Initiate of Ashenzari.
             Killed from afar by an orc wizard (7 damage)
             ... with a puff of flame
             ... on level 5 of the Dungeon.
             The game lasted 00:13:50 (6077 turns).

RobertPalmer the Sneak (Octopode Enchanter)         Turns: 6077, Time: 00:13:50

Health: -5/41      AC:  1    Str:  8    XL:     7   Next: 17%
Magic:  12/12      EV: 12    Int: 17    God:    Ashenzari [......]
Gold:   176        SH:  0    Dex: 14    Spells: 3 memorised, 1 level left

rFire  . . .     SeeInvis .     p - +2 dagger (speed)
rCold  . . .     Clarity  .     (no shield)
rNeg   . . .     SustAb   .     (helmet restricted)
rPois  .         Gourm    .     (no amulet)
rElec  .         Spirit   .     (no ring)
rCorr  .         Warding  .     (no ring)
rMut   .         Stasis   .     (no ring)
MR     .....                    (no ring)
Stlth  +++++.....               (no ring)
                                (no ring)
                                (no ring)
                                (no ring)

@: very slightly contaminated, hasted, very quick, not resistant to hostile
enchantments, quite stealthy
A: almost no armour, amphibious, 8 rings, constrict 8, camouflage 1, gelatinous
body 1
a: Renounce Religion


You were on level 5 of the Dungeon.
You worshipped Ashenzari.
Ashenzari was noncommittal.
You were not hungry.

You visited 2 branches of the dungeon, and saw 6 of its levels.

You collected 176 gold pieces.

Inventory:

Hand weapons
 b - a +0 blowgun
   (You took it off a kobold on level 3 of the Dungeon)
 p - a +2 dagger of speed (weapon)
   (You took it off an orc on level 5 of the Dungeon)
Missiles
 i - 4 curare-tipped needles
Magical devices
 n - a wand of random effects (27)
   (You took it off Dowan on level 4 of the Dungeon)
Scrolls
 f - a scroll of teleportation
 g - 2 scrolls of fog
 h - a scroll of identify
 k - a scroll of immolation {!r}
 o - 2 scrolls of remove curse
Books
 a - a book of Control
   (You found it on level 5 of the Dungeon)
 c - a book of Maledictions
Comestibles
 d - a bread ration {@e1}
 e - 3 meat rations {@e2}
 l - 4 chunks of flesh {@w0}
 q - 4 fruits


   Skills:
 - Level 1.0 Short Blades
 - Level 2.0 Dodging
 + Level 7.5 Stealth
 - Level 2.0 Spellcasting
 - Level 6.5 Hexes


You had one spell level left.
You knew the following spells:

 Your Spells              Type           Power        Failure   Level  Hunger
a - Sure Blade            Hex/Chrm       ##........   10%         2    ###....
b - Enslavement           Hex            ###.....     14%         4    #####..
c - Confuse               Hex            ###.....     4%          3    ###....


Dungeon Overview and Level Annotations

Branches:
Dungeon (5/15)             Temple (1/1) D:4

Altars:
Ashenzari
Cheibriados
Dithmenos
Elyvilon
Fedhas
Gozag
Kikubaaqudgha
Okawaru
Qazlal
Sif Muna
Trog
Vehumet
Yredelemnul
Zin
The Shining One


Innate Abilities, Weirdness & Mutations

You cannot wear most types of armour.
You are amphibious.
You can wear up to eight rings at the same time.
You can use your tentacles to constrict many enemies at once.
Your skin changes colour to match your surroundings (Stealth).
Your rubbery body absorbs attacks (AC +1).


Message History

You finish memorising.
Spell assigned to 'b'.
You see here an uncursed robe.
Read which item? (? for menu, Esc to quit)
As you read the scroll labeled FESONG ORCHOSMA, it crumbles to dust.
Forget which spell ([?*] list [ESC] exit)?
Your memory of Corona unravels.
It was a scroll of amnesia.
Okay, then.
An orc priest comes into view. It is wielding a dagger.
The orc priest shouts!
You see here a scroll of remove curse.
An orc priest is nearby!
An orc priest is nearby!
An orc priest is nearby!
You see here a scroll of remove curse.
o - 2 scrolls of remove curse (gained 1)
Aim: an orc priest, wielding a dagger (chance 53%)
The orc priest appears confused.
You now have 9/12 mp.
You hit the orc priest. You grab the orc priest. You squeeze the orc priest.
You constrict the orc priest. You hit the orc priest!
You kill the orc priest!
Things that are here:
an uncursed dagger; an orc corpse You butcher the orc corpse.
l - 4 chunks of flesh {@w0} You see here an uncursed dagger.
The orc shouts!
The orc is too close now for your liking.
MP restored: 12 An orc is nearby!
An orc is nearby!
An orc is nearby!
An orc comes into view.
Found a stone staircase leading up.
The orc shouts!
You hit the orc.
You kill the orc!
Found an escape hatch in the floor.
You see here an uncursed leather armour.
An orc and an orc wizard come into view.
The orc closely misses you.
You closely miss the orc.
The orc shouts! x2
Your grab misses the orc.
The orc wizard gestures wildly while chanting.
The orc wizard seems to speed up.
The orc closely misses you.
You see here an uncursed leather armour.
The orc wizard becomes somewhat translucent.
The orc misses you.
The orc wizard mumbles some strange words.
The orc wizard flickers and vanishes!
Deactivating autopickup; reactivate with Ctrl-A.
The puff of frost misses you.
Aim: an orc, wielding a morningstar (chance 71%)
The orc is charmed.
Your orc barely misses the orc.
The orc closely misses you.
You hear some strange, mumbled words.
The puff of flame hits your orc.
Your orc dies!
You now have 8/12 mp.
Unknown command.
You barely miss the orc. Your grab misses the orc. You closely miss the orc.
You grab the orc. You constrict the orc. The orc hits you.
You take 4 damage, and have 37/41 hp.
You release your grip on the orc.
You hear some strange, mumbled words.
The magic dart hits you! Something hits you.
You take 6 damage, and have 31/41 hp.
You hear some strange, mumbled words.
You feel troubled. Something hits you.
You take 2 damage, and have 29/41 hp.
Something hits you.
You take 2 damage, and have 27/41 hp.
You hear some strange, mumbled words.
The puff of frost hits you!
You take 8 damage, and have 19/41 hp.
You hear some strange, mumbled words.
The puff of frost misses you.
You hear some strange, mumbled words.
The puff of frost hits you!
* * * LOW HITPOINT WARNING * * *
You hear some strange, mumbled words.
You take 11 damage, and have 9/41 hp.
MASSIVE DAMAGE!!
Drink which item? (? for menu, Esc to quit)
You feel yourself speed up.
You are very lightly contaminated with residual magic.
You see here an uncursed robe.
You feel a wave of unholy energy pass over you.
The magic dart hits you!
* * * LOW HITPOINT WARNING * * *
You take 9 damage, and have 1/41 hp.
MASSIVE DAMAGE!!
MP restored: 12 You hear some strange, mumbled words.
The puff of flame hits you!
You die...

#.. #..<.....# ##..## #o#
##..#####)......# ###.o## #.o
........#.###...## ##...########.
..........# ##..<###...#..PP..P..
..........# ##........#♣≈≈≈≈P≈.P
..###.....# #..........≈P≈≈o.≈≈
.. ##....## #.........[P≈≈≈≈≈≈≈
..## #.....## #.........≈≈≈≈≈≈≈≈≈
...###......###.@........♣[≈≈≈≈≈≈
.....................#...)≈.≈≈≈≈≈
....###.....#......###...#♣..♣.#P
....# ##....###.##..###.#......##
##..## ##........................
#...## #..####.####..###########
#....###........................
##............o####........#####
#.#..####.....##............###


You could see an orc.

Vanquished Creatures
  Duvessa (D:4)
  A scorpion (D:4)
  Dowan (D:4)
  An orc priest (D:5)
  2 hounds (D:4)
  An orc wizard (D:5)
  An iguana (D:4)
  Robin (D:2)
  5 adders
  3 worms
  A giant mite (D:3)
  An adder skeleton (D:4)
  2 giant geckos
  3 oozes
  12 orcs
  14 bats
  4 giant cockroaches
  11 hobgoblins
  12 jackals
  6 kobolds
  2 quokkas
  A ball python (D:2)
  6 giant newts
  12 goblins
  5 rats
109 creatures vanquished.

Vanquished Creatures (others)
  An orc (D:5)
1 creature vanquished.

Grand Total: 110 creatures vanquished

Notes
Turn   | Place    | Note
--------------------------------------------------------------
     0 | D:1      | RobertPalmer, the Octopode Enchanter, began the quest for the Orb.
     0 | D:1      | Reached XP level 1. HP: 11/11 MP: 3/3
    99 | D:1      | Reached XP level 2. HP: 6/17 MP: 4/4
   503 | D:1      | Learned a level 2 spell: Sure Blade
   617 | D:1      | HP: 1/17 [hobgoblin/short sword (4)]
  1011 | D:1      | Reached skill level 4 in Hexes
  1025 | D:1      | Reached XP level 3. HP: 11/21 MP: 1/6
  1935 | D:2      | HP: 1/21 [worm (10)]
  2244 | D:2      | Reached XP level 4. HP: 21/27 MP: 4/7
  2252 | D:2      | Learned a level 3 spell: Confuse
  2395 | D:2      | Noticed Robin
  2525 | D:2      | Killed Robin
  2525 | D:2      | Reached skill level 5 in Hexes
  3253 | D:3      | Reached XP level 5. HP: 18/31 MP: 6/9
  3528 | D:3      | HP: 7/31 [orc/dagger (6)]
  3530 | D:3      | HP: 3/31 [giant gecko (4)]
  3937 | D:3      | Found a basalt altar of Yredelemnul.
  4285 | D:4      | Reached skill level 6 in Hexes
  4553 | D:4      | Reached XP level 6. HP: 36/36 MP: 10/10
  4634 | D:4      | Found a staircase to the Ecumenical Temple.
  4659 | Temple   | Entered the Ecumenical Temple
  4739 | Temple   | Became a worshipper of Ashenzari the Shackled
  4828 | D:4      | Noticed an ogre
  5101 | D:4      | HP: 4/36 [ogre/giant spiked club (32)]
  5126 | D:4      | HP: 6/36 [hound[an ogre] (1)]
  5411 | D:4      | Noticed Duvessa
  5486 | D:4      | Reached skill level 5 in Stealth
  5498 | D:4      | Noticed Dowan
  5508 | D:4      | Killed Duvessa
  5508 | D:4      | Reached skill level 6 in Stealth
  5513 | D:4      | Killed Dowan
  5695 | D:4      | Reached XP level 7. HP: 37/41 MP: 8/12
  5709 | D:5      | Entered Level 5 of the Dungeon
  5736 | D:5      | Reached skill level 7 in Stealth
  5936 | D:5      | Learned a level 4 spell: Enslavement
  6054 | D:5      | HP: 9/41 [something/puff of frost (11)]
  6065 | D:5      | HP: 1/41 [something/magic dart (9)]
  6077 | D:5      | Killed from afar by an orc wizard

Action                   |  1- 3 |  4- 6 |  7- 9 || total
-------------------------+-------+-------+-------++-------
Melee: Dagger            |    69 |   143 |    21 ||   233
 Fire: Blowgun           |       |     4 |       ||     4
 Cast: Sure Blade        |    12 |     7 |       ||    19
       Corona            |     2 |       |       ||     2
       Confuse           |       |    10 |     3 ||    13
       Enslavement       |       |       |     1 ||     1
  Use: Potion            |     1 |     1 |     1 ||     3
       Scroll            |       |     3 |     1 ||     4
 Stab: Sleeping          |     6 |    14 |     1 ||    21
       Confused          |       |     3 |       ||     3
  Eat: Chunk             |     4 |    11 |       ||    15
       Bread ration      |       |     1 |       ||     1

Vault maps used:
D:1:      dpeg_arrival_rooms_with_view
D:2:      first_bread, uniq_robin
D:3:      lemuel_crystal_altar
D:4:      minmay_temple_entry_large_hall, hangedman_abyss_or_decor_lesser_grid,
          uniq_duvessa
D:5:      serial_bayou, serial_bayou_ford_a, serial_bayou_shore_a,
          serial_bayou_shore_b, serial_bayou_pond_b, serial_bayou_pond_a,
          hangedman_decor_growths
Temple:   water_room_temple_a_12

Table legend:
 A = Turns spent in this place as a percentage of turns spent in the entire game.
 B = Non-inter-level travel turns spent in this place as a percentage of non-inter-level travel turns spent in the entire game.
 C = Inter-level travel turns spent in this place as a percentage of turns spent in this place.
 D = Turns resting spent in this place as a percentage of non-inter-level travel turns spent in this place.
 E = Turns spent auto-exploring this place as a percentage of non-inter-level travel turns spent in this place.
 F = Non-inter-level travel turns spent in this place divided by the number of levels of this place that you've seen.
                   A       B       C       D       E      F
               +-------+-------+-------+-------+-------+----------------------
         Total | 100.0 | 100.0 |   0.2 |   3.6 |   4.9 | 331.0
       Dungeon |  96.0 |  96.0 |   0.2 |   3.7 |   5.1 | 381.4
        Temple |   4.0 |   4.0 |   0.0 |   0.0 |   0.0 |  79.0
               +-------+-------+-------+-------+-------+----------------------

Table legend:
 A = Kills in this place as a percentage of kills in entire the game.
 B = Kills by you in this place as a percentage of kills by you in the entire game.
 C = Kills by friends in this place as a percentage of kills by friends in the entire game.
 D = Other kills in this place as a percentage of other kills in the entire game.
 E = Experience gained in this place as a percentage of experience gained in the entire game.
 F = Experience gained in this place divided by the number of levels of this place that you have seen.
                   A       B       C       D       E      F
               +-------+-------+-------+-------+-------+----------------------
         Total | 100.0 | 100.0 |  -nan |  -nan | 100.0 | 120.0
       Dungeon | 100.0 | 100.0 |  -nan |  -nan | 100.0 | 144.0
               +-------+-------+-------+-------+-------+----------------------
